 Dungeon Crawl Stone Soup version 0.29-a0-919-gd064cfad1c (webtiles) character file.

Game seed: 10936429325884350836

46 ptdevnull the Ducker (level 3, 0/28 HPs)
             Began as a Merfolk Gladiator on July 27, 2022.
             Slain by Jessica
             ... wielding a +0 dagger
              (3 damage)
             ... on level 2 of the Dungeon.
             The game lasted 00:01:35 (1231 turns).

ptdevnull the Ducker (Merfolk Gladiator)            Turns: 1231, Time: 00:01:36

Health: 0/28       AC:  5    Str: 14    XL:     3   Next: 68%
Magic:  12/12      EV: 13    Int:  7    God:
Gold:   77         SH:  0    Dex: 17    Spells: 2/2 levels left

rFire   . . .      SeeInvis .   a - +0 long sword
rCold   . . .      Faith    .   (no shield)
rNeg    . . .      Spirit   .   b - +0 leather armour
rPois   .          Reflect  .   c - +0 helmet
rElec   .          Harm     .   m - +0 cloak
rCorr   .          Rampage  .   (no gloves)
Will    .....                   (no boots)
Stlth   +.........              (no amulet)
HPRegen 0.09/turn               f - ring of magical power
MPRegen 0.13/turn               (no ring)

@: attractive
A: (nimble swimmer 2), mertail, screaming 1
a: no special abilities


You were on level 2 of the Dungeon.
You visited 1 branch of the dungeon, and saw 2 of its levels.

You collected 77 gold pieces.

Inventory:

Hand Weapons
 a - a +0 long sword (weapon)
Missiles
 d - 3 throwing nets (quivered)
 e - a javelin
Armour
 b - a +0 leather armour (worn)
 c - a +0 helmet (worn)
 m - a +0 cloak (worn)
Jewellery
 f - a ring of magical power (left hand)
 k - an amulet of faith
Scrolls
 g - 4 scrolls of identify {unknown}
 i - 2 scrolls of teleportation {unknown}
 l - a scroll of fear {unknown}
 n - a scroll of immolation {unknown}


   Skills:
 + Level 2.8 Fighting
 + Level 4.2 Long Blades
 + Level 2.5 Throwing
 + Level 4.5 Dodging


You had 2 spell levels left.
You didn't know any spells.
Your spell library contained the following spells:

 Spells                   Type           Power      Damage    Failure   Level
 Necrotise                Necr           0%         1d4       52%         1
 Gell's Gravitas          Tloc           0%         N/A       87%         3
 Lesser Beckoning         Tloc           0%         N/A       87%         3
 Teleport Other           Tloc           0%         N/A       87%         3
 Vampiric Draining        Necr           0%         2d6       87%         3
 Agony                    Necr           0%         N/A       100%        5


Dungeon Overview and Level Annotations

Branches:
Dungeon (2/15)

Altars:

Annotations:
D:2 Jessica


Innate Abilities, Weirdness & Mutations

((You are very nimble when in or above water. (Stealth+, EV+, Speed+++)))
Your lower body shifts to a powerful aquatic tail in water.
You occasionally shout uncontrollably at your foes.


Message History

The bat hits you but does no damage. The adder bites you but does no damage.
You slash the adder!
You kill the adder!
The bat closely misses you. The bat misses you.
You slash the bat!
You kill the bat!
No target in view!
You see here a bat corpse.
A rat comes into view.
A rat is nearby!
Jessica the Apprentice Sorceress comes into view.
She is wielding a +0 dagger.
Jessica shouts!
Jessica drinks a potion.
Jessica flickers and vanishes!
Deactivating autopickup; reactivate with Ctrl-A.
The rat closely misses you.
You closely miss the rat. The rat misses you.
You slash the rat!
You kill the rat!
No target in view!
Something hits you but does no damage.
You hear some strange, mumbled words.
Pain shoots through your body! Something hits you but does no damage.
You hear some strange, mumbled words.
Pain shoots through your body!
* * * LOW HITPOINT WARNING * * *
Something hits you but does no damage. Something hits you but does no damage.
It was a potion of mutation.
You feel extremely strange.
You feel the urge to shout.
You hear some strange, mumbled words.
It was a potion of attraction.
You feel attractive to monsters. Something is attracted toward you.
You hear some strange, mumbled words.
Pain shoots through your body!
* * * LOW HITPOINT WARNING * * *
Something hits you but does no damage. Something hits you.
You die...

#.......# #.......# .#
##.......## ..#
#.........# ..#
..........# ..#
##.##......#######.#
#..##..............######
#...+..............$.....
...##...†.......@..####.#
#...+...................#
#..##......#####........+
#..##......# #........#
.†.##......# ##.........
#..........# .....##.##
#...######## ......+ ..
##..# ......# # ....#
##......


There were no monsters in sight!

Vanquished Creatures
  2 adders (D:2)
  2 dart slugs
  4 ball pythons
  An endoplasm (D:2)
  4 goblins
  3 jackals (D:1)
  4 bats
  A frilled lizard (D:1)
  4 kobolds
  2 rats
27 creatures vanquished.

Vanquished Creatures (others)
  A plant (D:2)
1 creature vanquished.

Grand Total: 28 creatures vanquished

Notes
Turn   | Place    | Note
-------+----------+-------------------------------------------
     0 | D:1      | ptdevnull the Merfolk Gladiator began the quest for the
                  | Orb.
     0 | D:1      | Reached XP level 1. HP: 16/16 MP: 1/1
   150 | D:1      | Reached XP level 2. HP: 23/23 MP: 2/2
  1015 | D:2      | Reached XP level 3. HP: 24/28 MP: 3/3
  1155 | D:2      | Found a faded altar of an unknown god.
  1215 | D:2      | Noticed Jessica
  1226 | D:2      | Gained mutation: You occasionally shout uncontrollably at
                  | your foes. [potion of mutation]
  1231 | D:2      | Slain by Jessica

Illustrated notes

Levels and vault maps discovered:
D:1:      heliophobic_arrival_battle_scene, layout_loops_ring, nrook_campfire
D:2:      layout_basic, shapermc_ecumenical_altar_mp_urbaneastern, uniq_jessica

Skill      XL: |  1  2 |
---------------+-------+-----
Long Blades    | 4 |  4.2
Fighting       | |  2.8
Throwing       | |  2.5
Dodging        | |  4.5

Action                   || total
-------------------------++-------
Melee: Long sword        ||    70
       Punch             ||     2
  Use: Potion            ||     2
 Stab: Sleeping          ||     1
Armor: Leather armour    ||    35
Dodge: Dodged            ||    81

Table legend: (Time is in decaauts)
 A = Elapsed time spent in this place.
 B = Non-inter-level travel time spent in this place.
 C = Inter-level travel time spent in this place.
 D = Time resting spent in this place.
 E = Time spent auto-exploring this place.
 F = Levels seen in this place.
 G = Mean time per level.
                   A        B        C        D        E       F      G
               +--------+--------+--------+--------+--------+-----+--------+
         Total |   1244 |   1189 |     55 |      0 |    969 |   2 |  622.0 |
       Dungeon |   1244 |   1189 |     55 |      0 |    969 |   2 |  622.0 |
               +--------+--------+--------+--------+--------+-----+--------+

Top non-repeatable levels by time:
     D:1: 986 daAuts
     D:2: 258 daAuts
